 Dungeon Crawl Stone Soup version 0.28-a0-1233-g92def6ad0a (webtiles) character file.

Game seed: 2624251551953540442

1475 ChaosChampion the Insei (level 8, -10/68 HPs)
             Began as a Purple Draconian Transmuter on Dec 23, 2021.
             Mangled by a two-headed ogre (27 damage)
             ... on level 6 of the Dungeon.
             The game lasted 00:07:23 (7698 turns).

ChaosChampion the Insei (DrTm)                      Turns: 7698, Time: 00:07:24

Health: -10/68     AC:  7    Str: 12    XL:     8   Next: 49%
Magic:  11/14      EV: 12    Int: 16    God:
Gold:   229        SH:  0    Dex: 12    Spells: 9/15 levels left

rFire   . . .      SeeInvis .     - Unarmed
rCold   . . .      Faith    .   (no shield)
rNeg    . . .      Spirit   .   (armour unavailable)
rPois   .          Reflect  .   (helmet restricted)
rElec   .          Harm     .   e - +0 cloak
rCorr   .          Rampage  .   (no gloves)
Will    +....                   (no boots)
Stlth   +.........              d - amulet of the acrobat
HPRegen 0.21/turn               (no ring)
MPRegen 0.14/turn               (no ring)

@: very slightly contaminated
A: breathe power, AC +6, unfitting armour, cold-blooded
a: Breathe Dispelling Energy


You were on level 6 of the Dungeon.
You visited 1 branch of the dungeon, and saw 6 of its levels.

You collected 229 gold pieces.

Inventory:

Missiles
 t - 16 poisoned darts
Armour
 e - a +0 cloak (worn)
Magical Staves
 o - a staff of death
Jewellery
 d - an amulet of the acrobat (around neck)
 f - a ring of wizardry
Wands
 p - a wand of iceblast (14)
 s - a wand of acid (10)
Scrolls
 c - 2 scrolls of vulnerability
 h - 3 scrolls of teleportation
 q - a scroll of holy word
 r - a scroll of fog
Potions
 a - a potion of heal wounds
 b - a potion of haste {unknown}
 i - 3 potions of cancellation {unknown}
 j - 3 potions of attraction
 k - 3 potions of flight {unknown}
 l - a potion of brilliance {unknown}


   Skills:
 + Level 5.3 Fighting
 + Level 3.2 Dodging
 * Level 7.5 Unarmed Combat
 + Level 4.1 Spellcasting
 + Level 5.1 Transmutations


You had 9 spell levels left.
You knew the following spells:

 Your Spells              Type           Power      Damage    Failure   Level
a - Beastly Appendage     Tmut           38%        N/A       1%          1
b - Wereblood             Tmut           19%        N/A       3%          2
c - Spider Form           Tmut/Pois      11%        N/A       17%         3

Your spell library contained the following spells:

 Spells                   Type           Power      Damage    Failure   Level
 Gell's Gravitas          Tloc           3%         N/A       45%         3
 Lesser Beckoning         Tloc           3%         N/A       45%         3
 Teleport Other           Tloc           3%         N/A       45%         3
 Ice Form                 Ice/Tmut       11%        N/A       50%         4
 Blade Hands              Tmut           9%         N/A       50%         5
 Irradiate                Conj/Tmut      5%         3d15      85%         5
 Dragon Form              Tmut           9%         N/A       100%        7


Dungeon Overview and Level Annotations

Branches:
Dungeon (6/15)
 Temple: D:4-7

Altars:
Hepliaklqana
Uskayaw
The Shining One

Shops:
D:1 =[[=


Innate Abilities, Weirdness & Mutations

You can breathe bolts of dispelling energy.
Your rich purple scales are hard. (AC +6)
You cannot fit into any form of body armour.
You are cold-blooded and may be slowed by cold attacks.


Message History

Confirm with . or Enter, or press ? or * to list all spells.
You turn into a venomous arachnid creature.
Your +0 cloak melds into your body.
You hit the two-headed ogre but do no damage.
The two-headed ogre barely misses you.
The two-headed ogre hits you with a +0 giant club!!
Things that are here:
a +0 club; a +0 club; a +0 club You hit the two-headed ogre but do no damage.
The two-headed ogre is poisoned.
The two-headed ogre closely misses you. The two-headed ogre misses you.
Your transformation is almost over.
You see here 22 stones.
Your transformation has ended.
Your +0 cloak unmelds from your body.
Casting: Spider Form (dangerous; 17% risk of failure)
Confirm with . or Enter, or press ? or * to list all spells.
You turn into a venomous arachnid creature.
Your +0 cloak melds into your body.
The two-headed ogre looks more healthy.
You bite the two-headed ogre!
The two-headed ogre is poisoned.
The two-headed ogre is moderately wounded.
The two-headed ogre misses you.
The two-headed ogre hits you with a +0 giant club!!
Your transformation is almost over.
Your transformation has ended.
Your +0 cloak unmelds from your body.
The two-headed ogre looks more healthy.
There is a stone staircase leading up here.
There is a stone staircase leading up here.
Casting: Spider Form (dangerous; 17% risk of failure)
Confirm with . or Enter, or press ? or * to list all spells.
You miscast Spider Form.
You are very lightly contaminated with residual magic.
Nothing appears to happen.
You hit the two-headed ogre.
The two-headed ogre is moderately wounded.
The two-headed ogre hits you with a +0 giant spiked club!!
* * * LOW HITPOINT WARNING * * *
The two-headed ogre hits you with a +0 giant club!!
You die...

# #.# # #)# ###########
#.# ..........# #)#
######## #########.#
#.######....... #.#
#....(......### #.#
######...##.#
#.##############.####.#
#......O@........# #.#
##################
#.### #.... #####


You could see a two-headed ogre.

Vanquished Creatures
  Grinder (D:4)
  Menkaure (D:4)
  5 ogres
  A black bear (D:5)
  A bullfrog (D:6)
  2 scorpions (D:6)
  A gnoll sergeant (D:6)
  A centaur zombie (D:6)
  A jelly (D:4)
  An orc priest (D:6)
  Crazy Yiuf (D:6)
  2 orc wizards (D:6)
  A scorpion zombie (D:5)
  2 hound zombies (D:5)
  3 gnolls (D:6)
  5 adders
  2 white imps
  2 adder skeletons (D:4)
  A worm (D:5)
  5 dart slugs
  6 orcs
  7 ball pythons
  12 endoplasms
  2 giant cockroaches
  3 goblins
  7 hobgoblins
  8 jackals
  9 kobolds
  5 quokkas
  5 bats
  4 frilled lizards
  6 rats
113 creatures vanquished.

Vanquished Creatures (others)
  4 fungi (D:6)
  4 toadstools (D:6)
8 creatures vanquished.

Grand Total: 121 creatures vanquished

Notes
Turn   | Place    | Note
-------+----------+-------------------------------------------
     0 | D:1      | ChaosChampion the Draconian Transmuter began the quest for
                  | the Orb.
     0 | D:1      | Reached XP level 1. HP: 16/16 MP: 3/3
   386 | D:1      | Found Ralov's Jewellery Shop.
   394 | D:1      | Reached XP level 2. HP: 23/23 MP: 5/5
   632 | D:1      | Found Boik's Armour Shoppe.
   657 | D:1      | Found Ifethebb's Antique Armour Shoppe.
   694 | D:1      | Found Kudyfe's Jewellery Shop.
  1006 | D:1      | Reached XP level 3. HP: 25/29 MP: 4/6
  1498 | D:2      | Learned a level 2 spell: Wereblood
  1507 | D:2      | Learned a level 3 spell: Spider Form
  2144 | D:2      | Reached skill level 4 in Unarmed Combat
  2540 | D:3      | Reached XP level 4. HP: 36/36 MP: 3/7
  3608 | D:3      | Found a hide-covered altar of Uskayaw.
  3629 | D:3      | Found a hazy altar of Hepliaklqana.
  3826 | D:4      | Noticed Menkaure
  4063 | D:4      | Killed Menkaure
  4064 | D:4      | Reached skill level 5 in Unarmed Combat
  4064 | D:4      | Reached XP level 5. HP: 17/45 MP: 3/8
  4408 | D:4      | Noticed an ogre
  4451 | D:4      | Killed an ogre
  4452 | D:4      | Reached XP level 6. HP: 33/51 MP: 4/9
  5032 | D:4      | Noticed Grinder
  5043 | D:4      | Killed Grinder
  5044 | D:4      | Reached skill level 6 in Unarmed Combat
  5044 | D:4      | Your scales start taking on a rich purple colour.
  5044 | D:4      | Reached XP level 7. HP: 37/59 MP: 7/10
  5207 | D:5      | Entered Level 5 of the Dungeon
  5388 | D:5      | Found a glowing golden altar of the Shining One.
  6724 | D:6      | Noticed a two-headed ogre
  6732 | D:5      | Reached XP level 8. HP: 26/67 MP: 9/13
  6949 | D:6      | Reached skill level 7 in Unarmed Combat
  7112 | D:6      | Reached skill level 5 in Fighting
  7236 | D:6      | Found a runed translucent door.
  7237 | D:6      | Noticed Crazy Yiuf
  7275 | D:6      | Reached skill level 5 in Transmutations
  7296 | D:6      | Killed Crazy Yiuf
  7698 | D:6      | Mangled by a two-headed ogre

Illustrated notes

Levels and vault maps discovered:
D:1:      minmay_arrival_three_doors, layout_basic, serial_shops, shop,
          nicolae_shop_hallway_plus, nicolae_shop_hallway_plus, shop
D:2:      layout_basic, kennysheep_generic_room_16
D:3:      layout_basic, nicolae_uskayaw_suspiria, mainiacjoe_overflow_alcove_4,
          hangedman_glass_teeth, minmay_fountain_box
D:4:      layout_rooms, serial_glass, glass_columns_a, glass_columns_c,
          supply_closet_lemuel, uniq_menkaure, uniq_grinder
D:5:      layout_loops_ring, mainiacjoe_overflow_surrounded_room
D:6:      layout_basic, minmay_stone_trees_small, minmay_gold_behind_fungi,
          uniq_prince_ribbit1, uniq_crazy_yiuf_cottage, uniq_blork_the_orc

Skill      XL: |  1  2  3  4  5  6  7  8 |
---------------+-------------------------+-----
Fighting       | 2 3 4 5 |  5.3
Unarmed Combat | 4 5 6 7 |  7.5
Transmutations | 3 4 5 |  5.1
Dodging        | 2 3 |  3.2
Spellcasting   | 3 4 |  4.1

Action                   |  1- 3 |  4- 6 |  7- 9 || total
-------------------------+-------+-------+-------++-------
Melee: Unarmed           |   112 |   122 |   135 ||   369
       Headbutt          |     6 |       |       ||     6
       Kick              |    13 |       |       ||    13
       Tailslap          |     9 |    10 |     4 ||    23
       Punch             |     2 |     2 |       ||     4
 Cast: Beastly Appendage |    22 |     3 |       ||    25
       Wereblood         |     2 |     1 |     4 ||     7
       Spider Form       |     1 |     8 |    22 ||    31
 Abil: Breathe Dispellin |       |       |     4 ||     4
  Use: Scroll            |       |     1 |    10 ||    11
 Stab: Sleeping          |     2 |     1 |       ||     3
Armor: Skin              |    32 |    20 |    16 ||    68
Dodge: Dodged            |    71 |    75 |   121 ||   267

Table legend: (Time is in decaauts)
 A = Elapsed time spent in this place.
 B = Non-inter-level travel time spent in this place.
 C = Inter-level travel time spent in this place.
 D = Time resting spent in this place.
 E = Time spent auto-exploring this place.
 F = Levels seen in this place.
 G = Mean time per level.
                   A        B        C        D        E       F      G
               +--------+--------+--------+--------+--------+-----+--------+
         Total |   7671 |   7508 |    163 |   1273 |   5062 |   6 | 1278.5 |
       Dungeon |   7671 |   7508 |    163 |   1273 |   5062 |   6 | 1278.5 |
               +--------+--------+--------+--------+--------+-----+--------+

Top non-repeatable levels by time:
     D:3: 1493 daAuts
     D:1: 1474 daAuts
     D:5: 1367 daAuts
     D:4: 1190 daAuts
     D:6: 1108 daAuts
     D:2: 1038 daAuts
